Map: Blueshift LE

Players

Elazer

  • Race: Zerg Zerg
  • Spawn Location: 1:00

Zanster - Winner!

  • Race: Zerg Zerg
  • Spawn Location: 7:00

Event: HomeStory Cup XVIII

VOD

Have the link to the VOD?

Description

Time

  • Played on: Nov. 22, 2018, 12:36 p.m.
  • Length: 13:51

All games in this series

Show
View Real Time Build Order
Export as new Build Order

Elazer Zerg 

Build Orders: Hatch First, Lurkers 

Get SALT Encoding   

  12  0:00  Drone  
  13  0:11  Overlord  
  13  0:16  Drone  
  14  0:30  Drone x2  
  16  0:47  Hatchery  
  15  0:50  Drone  
  15  0:54  Drone  
  17  0:57  Drone  
  18  1:08  Extractor  
  17  1:12  Spawning Pool  
  17  1:15  Drone  
  17  1:18  Drone  
  18  1:27  Drone  
  19  1:39  Drone  
  20  1:48  Drone  
  21  1:58  Queen x2  
  21  1:59  Drone, Overlord  
  26  2:08  Metabolic Boost  
  26  2:09  Drone  
  26  2:10  Drone  
  28  2:23  Drone, Zergling x2  
  30  2:31  Drone x2  
  32  2:38  Hatchery  
  32  2:43  Queen  
  33  2:48  Overlord  
  33  2:52  Drone  
  33  2:57  Drone x2  
  36  3:07  Zergling x6  
  36  3:08  Zergling x6  
  42  3:14  Roach Warren  
  42  3:16  Zergling x2  
  42  3:19  Zergling x2  
  43  3:22  Zergling x2  
  43  3:24  Overlord  
  44  3:29  Overlord  
  41  3:44  Zergling x4  
  41  3:46  Zergling x2  
  44  3:56  Roach x7  
  57  4:03  Roach x2  
  62  4:10  Roach x2  
  64  4:18  Overlord  
  64  4:19  Roach  
  64  4:23  Overlord  
  66  4:39  Overlord  
  66  4:42  Zergling x2  
  66  4:43  Zergling x14  
  73  4:58  Zergling x16  
  79  5:05  Zergling x6  
  76  5:14  Roach x3  
  73  5:16  Roach  
  68  5:23  Roach x2  
  68  5:26  Roach  
  68  5:32  Zergling x6  
  64  5:38  Zergling x4  
  58  5:47  Zergling x2  
  58  5:48  Zergling x8  
  58  5:53  Zergling x6  
  63  5:57  Roach  
  63  6:00  Roach  
  65  6:06  Zergling x6  
  68  6:12  Zergling x6  
  68  6:15  Ravager  
  68  6:17  Zergling x4  
  74  6:21  Zergling x2  
  74  6:22  Zergling x2  
  76  6:28  Zergling x6  
  76  6:32  Drone x2  
  81  6:34  Drone  
  82  6:50  Overlord  
  82  6:53  Extractor  
  81  6:55  Drone  
  81  6:56  Overlord  
  82  7:02  Overlord  
  82  7:07  Extractor  
  82  7:08  Drone x2, Evolution Chamber  
  81  7:09  Drone  
  81  7:10  Drone x5  
  81  7:13  Overlord  
  87  7:18  Drone  
  87  7:19  Drone  
  87  7:21  Drone  
  90  7:28  Overlord  
  89  7:31  Roach x2  
  89  7:34  Roach  
  94  7:38  Roach  
  94  7:40  Zerg Missile Weapons Level 1  
  94  7:42  Roach  
  98  7:48  Lair  
  98  7:49  Drone  
  98  7:50  Drone  
  100  7:52  Drone x2  
  100  7:55  Drone  
  100  7:56  Drone  
  104  7:59  Drone  
  104  8:02  Roach  
  104  8:04  Roach  
  109  8:12  Roach x3  
  114  8:16  Roach x2  
  118  8:25  Drone x4  
  122  8:34  Overlord x2  
  122  8:41  Overlord  
  115  8:51  Roach x4  
  116  8:56  Queen x2  
  116  9:02  Drone x8  
  119  9:14  Queen  
  110  9:17  Drone x7  
  110  9:22  Extractor  
  110  9:23  Extractor  
  97  9:30  Spore Crawler  
  88  9:32  Queen  
  88  9:33  Spore Crawler x2  
  88  9:34  Spore Crawler x4  
  88  9:37  Spore Crawler  
  81  9:40  Spore Crawler  
  81  9:42  Queen  
  82  9:45  Zerg Ground Armor Level 1  
  82  9:50  Drone x5  
  87  9:54  Overlord  
  87  9:55  Drone x2  
  87  9:56  Glial Reconstitution  
  90  10:00  Drone  
  90  10:02  Drone x3  
  90  10:06  Extractor  
  92  10:07  Hydralisk Den  
  92  10:09  Spore Crawler  
  90  10:16  Overseer  
  90  10:22  Roach  
  90  10:23  Roach x2  
  90  10:28  Queen, Overlord  
  98  10:39  Overlord  
  98  10:42  Overlord, Grooved Spines  
  98  10:45  Lurker Den, Queen, Overlord x2  
  99  10:53  Overlord x3  
  99  10:57  Hydralisk x3  
  99  11:01  Roach  
  99  11:02  Roach x2  
  99  11:03  Roach  
  113  11:07  Roach x2  
  113  11:10  Roach  
  119  11:15  Roach  
  119  11:16  Roach x2  
  125  11:20  Overseer  
  125  11:21  Roach  
  125  11:22  Roach x2  
  131  11:27  Roach  
  133  11:34  Overlord  
  133  11:38  Hydralisk x4  
  141  11:54  Hydralisk x4  
  141  11:57  Muscular Augments  
  141  12:00  Overlord  
  149  12:01  Roach x2  
  149  12:05  Roach x2  
  157  12:12  Roach x2  
  157  12:14  Overlord  
  161  12:16  Lurker  
  161  12:18  Lurker x3  
  161  12:19  Lurker  
  166  12:25  Roach x2  
  166  12:29  Overlord  
  170  12:30  Overlord  
  170  12:35  Hydralisk, Lurker x2  
  170  12:36  Hydralisk  
  176  12:39  Hydralisk  
  178  12:59  Hatchery  
  178  13:02  Hydralisk x4, Hatchery  
  178  13:05  Overlord  
  185  13:07  Lurker x2  
  185  13:10  Hydralisk  
  189  13:19  Roach  
  193  13:20  Roach  
Show
View Real Time Build Order
Export as new Build Order

Zanster Zerg - Winner!

Build Orders: Hatch First 

Get SALT Encoding   

  12  0:00  Drone  
  13  0:13  Overlord  
  13  0:16  Drone  
  14  0:31  Drone x2  
  16  0:48  Hatchery  
  15  0:51  Drone  
  15  0:54  Drone  
  17  0:57  Drone  
  18  1:08  Extractor  
  17  1:13  Spawning Pool  
  17  1:15  Drone  
  17  1:18  Drone  
  18  1:28  Drone  
  19  1:39  Drone  
  20  1:51  Overlord  
  20  2:00  Queen x2  
  24  2:06  Drone  
  24  2:07  Drone  
  26  2:09  Metabolic Boost  
  26  2:10  Drone  
  26  2:12  Drone  
  28  2:21  Drone  
  28  2:22  Drone  
  30  2:31  Baneling Nest  
  30  2:33  Drone x2  
  31  2:44  Hatchery  
  30  2:45  Zergling x2  
  30  2:48  Zergling x2  
  32  2:54  Overlord  
  32  2:57  Drone  
  33  3:05  Zergling x2  
  34  3:07  Queen  
  34  3:12  Drone x2  
  38  3:13  Drone  
  38  3:16  Drone  
  38  3:17  Drone  
  38  3:18  Baneling  
  38  3:19  Drone  
  42  3:24  Overlord  
  43  3:27  Zergling x2  
  43  3:30  Baneling x2  
  43  3:32  Drone  
  43  3:42  Zergling x12  
  43  3:47  Extractor  
  48  3:51  Baneling  
  48  3:56  Zergling x2  
  48  3:57  Roach Warren, Zergling x8  
  52  4:04  Overlord  
  52  4:07  Overlord  
  52  4:13  Overlord  
  52  4:14  Overlord  
  50  4:38  Overlord  
  50  4:39  Roach x7  
  50  4:43  Roach x2  
  68  4:50  Roach x2  
  70  4:55  Zergling x4  
  71  5:06  Ravager  
  65  5:09  Zergling x12  
  65  5:12  Zergling x6  
  55  5:23  Zergling x4  
  53  5:32  Roach  
  53  5:33  Queen, Roach  
  52  5:41  Queen  
  48  5:45  Roach x2  
  51  5:55  Roach  
  51  5:56  Roach  
  53  6:06  Roach x2  
  53  6:11  Lair  
  57  6:15  Roach  
  57  6:16  Roach  
  57  6:17  Baneling x2  
  61  6:25  Overlord  
  61  6:27  Roach  
  61  6:28  Roach x3  
  69  6:35  Extractor x2  
  69  6:39  Zergling x2  
  69  6:40  Zergling x2  
  69  6:45  Overlord  
  69  6:46  Drone x2  
  71  6:51  Drone x2  
  73  6:57  Drone x3  
  76  7:02  Baneling x4  
  76  7:05  Drone  
  76  7:06  Drone  
  78  7:15  Spire, Drone x2  
  79  7:25  Drone x4  
  79  7:27  Drone  
  84  7:41  Hatchery  
  83  7:46  Overlord  
  83  7:48  Zergling x2  
  84  7:55  Overlord x2  
  83  8:28  Mutalisk x8  
  83  8:29  Mutalisk  
  83  8:32  Mutalisk  
  102  8:35  Drone x5  
  102  8:40  Drone  
  108  8:47  Extractor  
  106  8:50  Overlord  
  106  8:52  Extractor  
  102  8:56  Roach x5  
  99  9:16  Roach x7  
  101  9:22  Mutalisk x2  
  95  9:31  Drone x5  
  94  9:33  Drone  
  94  9:36  Drone  
  94  9:38  Drone  
  101  9:44  Drone  
  101  9:45  Zerg Flyer Weapons Level 1  
  103  9:52  Drone  
  103  9:53  Drone x4  
  103  9:55  Drone  
  103  9:59  Drone  
  109  10:02  Glial Reconstitution  
  109  10:03  Drone  
  109  10:05  Evolution Chamber  
  109  10:06  Drone  
  110  10:13  Overlord  
  110  10:17  Overseer  
  110  10:20  Mutalisk  
  110  10:21  Mutalisk x3  
  112  10:23  Mutalisk  
  112  10:27  Overlord  
  120  10:29  Drone x2  
  120  10:30  Drone  
  123  10:36  Drone  
  124  10:43  Zerg Missile Weapons Level 1  
  124  10:44  Roach x5  
  124  10:46  Overlord  
  134  10:57  Roach  
  134  11:01  Ravager x3  
  134  11:02  Ravager  
  140  11:04  Roach  
  140  11:05  Roach, Hatchery  
  140  11:06  Overlord  
  143  11:12  Roach x4  
  153  11:19  Overlord  
  153  11:20  Overlord x2  
  151  11:27  Roach x4  
  159  11:34  Roach  
  159  11:37  Overlord  
  161  11:41  Roach  
  161  11:42  Roach x4  
  161  11:45  Roach x2  
  173  11:55  Drone x6  
  179  12:03  Queen  
  179  12:06  Ravager  
  179  12:07  Ravager x3  
  179  12:08  Hydralisk Den  
  184  12:10  Roach  
  184  12:12  Extractor, Overseer  
  185  12:25  Roach x3  
  191  12:32  Overseer, Hatchery  
  191  12:33  Pneumatized Carapace  
  190  12:46  Extractor, Lurker Den  
  190  12:47  Roach x2  
  190  12:48  Overlord  
  190  12:49  Overlord  
  192  12:53  Overseer  
  192  12:54  Overseer  
  192  12:58  Spine Crawler  
  191  12:59  Spine Crawler  
  191  13:01  Spine Crawler  
  191  13:03  Drone x3  
  191  13:04  Infestation Pit, Spine Crawler  
  190  13:06  Spine Crawler  
  190  13:10  Hydralisk  
  190  13:11  Hydralisk  
  193  13:18  Hydralisk  
  193  13:19  Hydralisk x2  
  199  13:21  Ravager  
Tags
 
Add a new tag
Caveats
  • Supply blocks, unpowered buildings, or Contaminate may cause inaccurate times.
  • Supply counts are checked every 10 seconds.